PAAA
ALLOWAY HALBERDS @ BAKERSFIELD NOBLES
09/04/2019
 
TOP OF THE 1ST
Alloway Halberds batting - Pitching for Bakersfield Nobles : RHP Lynwood Matos
Pitching: RHP Lynwood Matos
Batting: RHB Maurice Wiebe 0-0: Ball
1-0: Called Strike
1-1: Fly out, F8 (Flyball, 8RD)
Batting: RHB Bill Stewart 0-0: Ball
1-0: Ground out 4-3 (Groundball, 4)
Batting: RHB Jonathan Cundall 0-0: Called Strike
0-1: Ball
1-1: Ball
2-1: Swinging Strike
2-2: Ball
3-2: Strikes out swinging
Top of the 1st over - 0 run(s), 0 hit(s), 0 error(s), 0 left on base; Alloway 0 - Bakersfield 0
BOTTOM OF THE 1ST
Bakersfield Nobles batting - Pitching for Alloway Halberds : RHP Joe Holmes
Pitching: RHP Joe Holmes
Batting: RHB Bill Sackett 0-0: Ball
1-0: Ball
2-0: Called Strike
2-1: Foul Ball, location: 2F
2-2: SOLO HOME RUN (Flyball, 78XD), Distance : 405 ft
Batting: RHB Bill Wilhelm 0-0: Ball
1-0: Ground out 5-3 (Groundball, 5S)
Batting: RHB Scotty Anderson 0-0: Swinging Strike
0-1: Ball
1-1: Ground out 5-3 (Groundball, 5)
Batting: RHB Kyle Bridges 0-0: Ball
1-0: Foul Ball, location: 2F
1-1: Foul Ball, location: 2F
1-2: Strikes out swinging
Bottom of the 1st over - 1 run(s), 1 hit(s), 0 error(s), 0 left on base; Alloway 0 - Bakersfield 1
TOP OF THE 2ND
Alloway Halberds batting - Pitching for Bakersfield Nobles : RHP Lynwood Matos
Batting: LHB Mathew Rose 0-0: Ball
1-0: SOLO HOME RUN (Flyball, 8RXD), Distance : 415 ft
Batting: LHB Matt Mitchell 0-0: Fly out, F7 (Flyball, 7M)
Batting: LHB Kenji Takahashi 0-0: Ground out 3-1 (Groundball, 34)
Batting: RHB Tracy Larson 0-0: Ball
1-0: Ball
2-0: Foul Ball, location: 2F
2-1: Ball
3-1: DOUBLE (Line Drive, 78D)
Batting: RHB Mark Davis 0-0: Ball
1-0: Foul Ball, location: 2F
1-1: Ball
2-1: Foul Ball, location: 2F
2-2: SINGLE (Line Drive, 6MD)
Tracy Larson to third
Runner from 3rd tries for Home, SAFE, no throw or cutoff
Batting: RHB Pedro Orozco 0-0: Swinging Strike
0-1: Ball
1-1: Called Strike
1-2: Strikes out swinging
Top of the 2nd over - 2 run(s), 3 hit(s), 0 error(s), 1 left on base; Alloway 2 - Bakersfield 1
BOTTOM OF THE 2ND
Bakersfield Nobles batting - Pitching for Alloway Halberds : RHP Joe Holmes
Batting: LHB Emery Miller 0-0: Ball
1-0: SINGLE (Groundball, 34D)
Batting: RHB Jorge Gonzáles 0-0: Ball
1-0: Ball
2-0: Called Strike
2-1: Called Strike
2-2: Foul Ball, location: 2F
2-2: SINGLE (Line Drive, 34D)
Emery Miller to second
Batting: RHB Takaaki Kobayashi 0-0: Called Strike
0-1: Called Strike
0-2: Ball
1-2: Foul Ball, location: 2F
1-2: Grounds into double play, 6-4-3 (Groundball, 6)
Emery Miller to third
Batting: RHB Miguel Márquez 0-0: Swinging Strike
0-1: SINGLE (Groundball, 56)
Emery Miller scores
Batting: RHB Ron Gérard 0-0: Called Strike
Miguel Márquez is caught stealing 2nd base
Bottom of the 2nd over - 1 run(s), 3 hit(s), 0 error(s), 0 left on base; Alloway 2 - Bakersfield 2
TOP OF THE 3RD
Alloway Halberds batting - Pitching for Bakersfield Nobles : RHP Lynwood Matos
Batting: RHB Maurice Wiebe 0-0: Foul Ball, location: 2F
0-1: Foul Ball, location: 2F
0-2: SOLO HOME RUN (Flyball, 9D), Distance : 377 ft
Batting: RHB Bill Stewart 0-0: Called Strike
0-1: Ball
1-1: Foul Ball, location: 2F
1-2: Ball
2-2: Strikes out swinging
Batting: RHB Jonathan Cundall 0-0: Foul Ball, location: 2F
0-1: Called Strike
0-2: Ball
1-2: Ball
2-2: Foul Ball, location: 2F
2-2: Ground out 4-3 (Groundball, 4)
Batting: LHB Mathew Rose 0-0: Called Strike
0-1: Ball
1-1: Foul Ball, location: 2F
1-2: Ball
2-2: Ground out 6-3 (Groundball, 6M)
Top of the 3rd over - 1 run(s), 1 hit(s), 0 error(s), 0 left on base; Alloway 3 - Bakersfield 2
BOTTOM OF THE 3RD
Bakersfield Nobles batting - Pitching for Alloway Halberds : RHP Joe Holmes
Batting: RHB Ron Gérard 0-0: Ball
1-0: Foul Ball, location: 2F
1-1: Ball
2-1: Foul Ball, location: 2F
2-2: SINGLE (Line Drive, 8LS)
Batting: RHB Bill Sackett 0-0: Fly out, F8 (Flyball, 8RS)
Batting: RHB Bill Wilhelm 0-0: Fly out, F4 (Popup, 34D)
Batting: RHB Scotty Anderson 0-0: Ball
Ron Gérard steals 2nd base
1-0: Foul Ball, location: 2F
1-1: Fly out, F8 (Line Drive, 8RS)
Bottom of the 3rd over - 0 run(s), 1 hit(s), 0 error(s), 1 left on base; Alloway 3 - Bakersfield 2
TOP OF THE 4TH
Alloway Halberds batting - Pitching for Bakersfield Nobles : RHP Lynwood Matos
Batting: LHB Matt Mitchell 0-0: Ball
1-0: Ball
2-0: Called Strike
2-1: Ball
3-1: Swinging Strike
3-2: Foul Ball, location: 2F
3-2: Strikes out swinging
Batting: LHB Kenji Takahashi 0-0: Called Strike
0-1: Ground out 6-3 (Groundball, 6)
Batting: RHB Tracy Larson 0-0: Ball
1-0: Called Strike
1-1: Ball
2-1: Foul Ball, location: 2F
2-2: Ball
3-2: Base on Balls
Batting: RHB Mark Davis 0-0: Foul Ball, location: 2F
0-1: Ball
1-1: Ball
2-1: Foul Ball, location: 2F
2-2: Foul Ball, location: 2F
2-2: Ball
3-2: SINGLE (Flyball, 7LS)
Tracy Larson to second
Tracy Larson to third
Batting: RHB Pedro Orozco 0-0: Ball
1-0: Ball
2-0: Ball
3-0: Called Strike
3-1: Base on Balls
Mark Davis to second
Batting: RHB Maurice Wiebe 0-0: Ball
1-0: Foul Ball, location: 2F
1-1: Foul Ball, location: 2F
1-2: SINGLE (Flyball, 7S)
Tracy Larson scores
Mark Davis to third
Pedro Orozco to second
Batting: RHB Bill Stewart 0-0: Foul Ball, location: 2F
0-1: Foul Ball, location: 2F
0-2: Strikes out swinging
Top of the 4th over - 1 run(s), 2 hit(s), 0 error(s), 3 left on base; Alloway 4 - Bakersfield 2
BOTTOM OF THE 4TH
Bakersfield Nobles batting - Pitching for Alloway Halberds : RHP Joe Holmes
Batting: RHB Kyle Bridges 0-0: Called Strike
0-1: DOUBLE (Line Drive, 7D)
Batting: LHB Emery Miller 0-0: Ball
1-0: Foul Ball, location: 2F
1-1: Swinging Strike
1-2: Strikes out swinging
Batting: RHB Jorge Gonzáles 0-0: Ball
1-0: SINGLE (Groundball, 4MD)
Kyle Bridges to third
Batting: RHB Takaaki Kobayashi 0-0: Ball
1-0: Ball
2-0: Ball
3-0: Base on Balls
Jorge Gonzáles to second
Batting: RHB Miguel Márquez 0-0: Called Strike
0-1: Ball
1-1: Hit by Pitch
Kyle Bridges scores
Jorge Gonzáles to third
Takaaki Kobayashi to second
Batting: RHB Ron Gérard 0-0: Called Strike
0-1: Ball
1-1: Ball
2-1: Foul Ball, location: 2F
2-2: Foul Ball, location: 2F
2-2: Ball
3-2: Foul Ball, location: 2F
3-2: Fly out, F4 (Line Drive, 4)
Pitching: RHP Al Turner
Batting: RHB Bill Sackett 0-0: Foul Ball, location: 2F
0-1: SINGLE (Groundball, 13S) (infield hit)
Jorge Gonzáles scores
Takaaki Kobayashi to third
Miguel Márquez to second
Batting: RHB Bill Wilhelm 0-0: Called Strike
0-1: Ball
1-1: Called Strike
1-2: Foul Ball, location: 2F
1-2: Fly out, F7 (Line Drive, 7M)
Bottom of the 4th over - 2 run(s), 3 hit(s), 0 error(s), 3 left on base; Alloway 4 - Bakersfield 4
TOP OF THE 5TH
Alloway Halberds batting - Pitching for Bakersfield Nobles : RHP Lynwood Matos
Batting: RHB Jonathan Cundall 0-0: Ball
1-0: Fly out, F9 (Flyball, 9M)
Batting: LHB Mathew Rose 0-0: Called Strike
0-1: Ball
1-1: Ball
2-1: Swinging Strike
2-2: Strikes out swinging
Batting: LHB Matt Mitchell 0-0: Called Strike
0-1: Ball
1-1: Ball
2-1: Foul Ball, location: 2F
2-2: Ball
3-2: SINGLE (Flyball, 6MD)
Pitching: RHP Enrique Magana
Batting: LHB Kenji Takahashi 0-0: Called Strike
0-1: Ball
1-1: Ball
2-1: Foul Ball, location: 2F
2-2: Strikes out swinging
Top of the 5th over - 0 run(s), 1 hit(s), 0 error(s), 1 left on base; Alloway 4 - Bakersfield 4
BOTTOM OF THE 5TH
Bakersfield Nobles batting - Pitching for Alloway Halberds : RHP Al Turner
Batting: RHB Scotty Anderson 0-0: Called Strike
0-1: Foul Ball, location: 2F
0-2: Ball
1-2: Ball
2-2: Ground out 5-3 (Groundball, 5S)
Batting: RHB Kyle Bridges 0-0: Ball
1-0: Ball
2-0: Ball
3-0: Called Strike
3-1: Fly out, F7 (Flyball, 7D)
Batting: LHB Emery Miller 0-0: Called Strike
0-1: Swinging Strike
0-2: Strikes out looking
Bottom of the 5th over - 0 run(s), 0 hit(s), 0 error(s), 0 left on base; Alloway 4 - Bakersfield 4
TOP OF THE 6TH
Alloway Halberds batting - Pitching for Bakersfield Nobles : RHP Enrique Magana
Batting: RHB Tracy Larson 0-0: Ball
1-0: Fly out, F9 (Flyball, 9S)
Batting: RHB Mark Davis 0-0: Swinging Strike
0-1: Ball
1-1: Swinging Strike
1-2: Strikes out swinging
Batting: RHB Pedro Orozco 0-0: Foul Ball, location: 2F
0-1: Ball
1-1: Ball
2-1: Ground out 4-3 (Groundball, 6MS)
Top of the 6th over - 0 run(s), 0 hit(s), 0 error(s), 0 left on base; Alloway 4 - Bakersfield 4
BOTTOM OF THE 6TH
Bakersfield Nobles batting - Pitching for Alloway Halberds : RHP Al Turner
Batting: RHB Jorge Gonzáles 0-0: Called Strike
0-1: Ground out 5-3 (Groundball, 5)
Batting: RHB Takaaki Kobayashi 0-0: Fly out, F8 (Flyball, 8RXD)
Batting: RHB Miguel Márquez 0-0: Foul Ball, location: 2F
0-1: Called Strike
0-2: Strikes out swinging
Bottom of the 6th over - 0 run(s), 0 hit(s), 0 error(s), 0 left on base; Alloway 4 - Bakersfield 4
TOP OF THE 7TH
Alloway Halberds batting - Pitching for Bakersfield Nobles : RHP Enrique Magana
Pinch Hitting: LHB Luis Gutiérrez 0-0: Ball
1-0: Foul Ball, location: 2F
1-1: Swinging Strike
1-2: Foul Ball, location: 2F
1-2: Foul Ball, location: 2F
1-2: Strikes out looking
Pinch Hitting: LHB Will Sherman 0-0: Swinging Strike
0-1: Ball
1-1: SINGLE (Flyball, 89S)
Pinch Hitting: RHB Aaron Harper 0-0: DOUBLE (Line Drive, 5L)
Will Sherman to third
Batting: LHB Mathew Rose 0-0: Ball
1-0: Called Strike
1-1: Called Strike
1-2: Strikes out swinging
Batting: LHB Matt Mitchell 0-0: Foul Ball, location: 2F
0-1: Ball
1-1: Ball
2-1: Foul Ball, location: 2F
2-2: Foul Ball, location: 2F
2-2: Strikes out swinging
Top of the 7th over - 0 run(s), 2 hit(s), 0 error(s), 2 left on base; Alloway 4 - Bakersfield 4
BOTTOM OF THE 7TH
Bakersfield Nobles batting - Pitching for Alloway Halberds : RHP Al Turner
Pitching: RHP Jim Unknown
Now at 3B: Luis Gutiérrez
Now in LF: Aaron Harper
Now in RF: Will Sherman
Pinch Hitting: RHB Paul Houston 0-0: Fly out, F8 (Flyball, 8LM)
Batting: RHB Bill Sackett 0-0: Ball
1-0: Ball
2-0: Fly out, F9 (Flyball, 9S)
Batting: RHB Bill Wilhelm 0-0: SINGLE (Line Drive, 34)
Batting: RHB Scotty Anderson 0-0: Ball
1-0: Ball
2-0: Foul Ball, location: 2F
2-1: SINGLE (Line Drive, 34D)
Bill Wilhelm to second
Runner from 2nd tries for 3rd, SAFE, throw made to third
Batting: RHB Kyle Bridges 0-0: Ball
1-0: SINGLE (Groundball, 6)
Bill Wilhelm scores
Scotty Anderson to second
Batting: LHB Emery Miller 0-0: Ball
1-0: Ball
2-0: Foul Ball, location: 2F
2-1: Ball
3-1: SINGLE (Line Drive, 7S)
Scotty Anderson to third
Kyle Bridges to second
Batting: RHB Jorge Gonzáles 0-0: Foul Ball, location: 2F
0-1: Ball
1-1: Ground out 4-3 (Groundball, 4)
Bottom of the 7th over - 1 run(s), 4 hit(s), 0 error(s), 3 left on base; Alloway 4 - Bakersfield 5
TOP OF THE 8TH
Alloway Halberds batting - Pitching for Bakersfield Nobles : RHP Enrique Magana
Pitching: LHP Royce Bradshaw
Now in RF: Jeff Lee
Batting: LHB Kenji Takahashi 0-0: Ball
1-0: Ball
2-0: Called Strike
2-1: Ground out 6-3 (Groundball, 6M)
Pitching: RHP Orsino Lippi
Batting: RHB Tracy Larson 0-0: Called Strike
0-1: Fly out, F9 (Flyball, 9LM)
Batting: RHB Mark Davis 0-0: Ball
1-0: Called Strike
1-1: Ground out U3 (Groundball, 3S)
Top of the 8th over - 0 run(s), 0 hit(s), 0 error(s), 0 left on base; Alloway 4 - Bakersfield 5
BOTTOM OF THE 8TH
Bakersfield Nobles batting - Pitching for Alloway Halberds : RHP Jim Unknown
Batting: RHB Takaaki Kobayashi 0-0: SINGLE (Line Drive, 9S)
Pinch Hitting: RHB Zach King 0-0: Called Strike
0-1: Foul Ball, location: 2F
0-2: Ball
1-2: Ball
2-2: Foul Ball, location: 2F
2-2: Foul Ball, location: 2F
2-2: Ground out 5-3 (Groundball, 56S)
Takaaki Kobayashi to second
Batting: LHB Jeff Lee 0-0: Ball
1-0: SINGLE (Groundball, 34D)
Takaaki Kobayashi to third
Batting: RHB Bill Sackett 0-0: Ball
1-0: Ball
2-0: Grounds into double play, 5-4-3 (Groundball, 5D)
Bottom of the 8th over - 0 run(s), 2 hit(s), 0 error(s), 1 left on base; Alloway 4 - Bakersfield 5
TOP OF THE 9TH
Alloway Halberds batting - Pitching for Bakersfield Nobles : RHP Orsino Lippi
Pitching: RHP León Vásquez
Now at SS: Nelson Plasenia
Batting: RHB Pedro Orozco 0-0: Swinging Strike
0-1: Foul Ball, location: 2F
0-2: Ball
1-2: Strikes out swinging
Batting: LHB Luis Gutiérrez 0-0: Ball
1-0: Foul Ball, location: 2F
1-1: Ball
2-1: Ball
3-1: Base on Balls
Batting: LHB Will Sherman 0-0: Foul Ball, location: 2F
0-1: Ball
1-1: Foul Ball, location: 2F
1-2: Ball
2-2: Foul Ball, location: 2F
2-2: Foul Ball, location: 2F
2-2: Foul Ball, location: 2F
2-2: SINGLE (Groundball, 56)
Luis Gutiérrez to second
Batting: RHB Aaron Harper 0-0: Foul Ball, location: 2F
0-1: Foul Ball, location: 2F
0-2: Ball
1-2: Ball
2-2: Ball
3-2: Foul Ball, location: 2F
3-2: Base on Balls
Luis Gutiérrez to third
Will Sherman to second
Batting: LHB Mathew Rose 0-0: Ball
1-0: Called Strike
1-1: Ball
2-1: Foul Ball, location: 2F
2-2: SINGLE (Groundball, 6MD)
Luis Gutiérrez scores
Will Sherman to third
Aaron Harper to second
Runner from 3rd tries for Home, SAFE, no throw or cutoff
Pitching: RHP Stewart Walker
Batting: LHB Matt Mitchell 0-0: Ball
1-0: Ball
2-0: Ball
3-0: Base on Balls
Aaron Harper to third
Mathew Rose to second
Batting: LHB Kenji Takahashi 0-0: Ball
1-0: Called Strike
1-1: Ball
2-1: Ball
3-1: Base on Balls
Aaron Harper scores
Mathew Rose to third
Matt Mitchell to second
Batting: RHB Tracy Larson 0-0: Ball
1-0: DOUBLE (Groundball, 3L)
Mathew Rose scores
Matt Mitchell scores
Kenji Takahashi to third
Batting: RHB Mark Davis 0-0: Foul Ball, location: 2F
0-1: Ball
1-1: Swinging Strike
1-2: Ball
2-2: Strikes out swinging
Batting: RHB Pedro Orozco 0-0: Foul Ball, location: 2F
0-1: Ball
1-1: Called Strike
1-2: Ball
2-2: Fly out, F4 (Popup, 4MD)
Top of the 9th over - 5 run(s), 3 hit(s), 0 error(s), 2 left on base; Alloway 9 - Bakersfield 5
BOTTOM OF THE 9TH
Bakersfield Nobles batting - Pitching for Alloway Halberds : RHP Jim Unknown
Batting: RHB Bill Wilhelm 0-0: Ball
1-0: Fly out, F3 (Popup, 3F)
Batting: RHB Scotty Anderson 0-0: Ball
1-0: Foul Ball, location: 2F
1-1: Ball
2-1: Foul Ball, location: 2F
2-2: Ground out 5-3 (Groundball, 56S)
Batting: RHB Kyle Bridges 0-0: Ground out 4-3 (Groundball, 4)
Bottom of the 9th over - 0 run(s), 0 hit(s), 0 error(s), 0 left on base; Alloway 9 - Bakersfield 5
This league is powered by Out of the Park Baseball, the baseball management simulation game for PC, Mac and Linux
Saturday, July 25th, 2015 - OOTP Baseball 15.6 Build 34